 Dungeon Sprint DCSS version 0.19.0-24-gb05acd6 (webtiles) character file.

71136 igo the Genius of the Arcane (level 14, -32/108 HPs)
             Began as a High Elf Air Elementalist on Nov 21, 2016.
             Was the Champion of Sif Muna.
             Killed from afar by Boris (86 damage)
             ... with an iron shot
             ... in the Dungeon (Sprint IX: "|||||||||||||||||||||||||||||").
             The game lasted 00:28:45 (1787 turns).

igo the Genius of the Arcane (HEAE)                 Turns: 1787, Time: 00:28:45

Health: -32/108    AC: 16    Str:  7    XL:     14   Next: 96%
Magic:  9/36       EV: 23    Int: 29    God:    Sif Muna [******]
Gold:   630        SH:  0    Dex: 15    Spells: 9 memorised, 12 levels left

rFire  . . .     SeeInvis +     R - +1 great sword (protect)
rCold  . . .     Gourm    .     f - +0 troll leather armour
rNeg   . . .     Faith    .     (shield currently unavailable)
rPois  .         Spirit   .     K - +2 helmet {Int+3}
rElec  .         Reflect  .     I - +2 cloak {MR+}
rCorr  .         Harm     .     G - +0 pair of gloves
MR     +++..     NoTele   +     F - +0 pair of boots
Stlth  ++........               (no amulet)
                                Q - ring of see invisible
                                P - ring of protection from magic

@: repel missiles
A: no striking features
a: Divine Energy, Channel Magic, Forget Spell, Renounce Religion


You were in the Dungeon.
You worshipped Sif Muna.
Sif Muna was exalted by your worship.
You were very hungry.

You visited 1 branch You collected 1864 gold pieces.
You spent 1234 gold pieces at shops.

Inventory:

Hand Weapons
 R - a +1 great sword of protection (weapon)
 T - a +3 vampiric broad axe
Armour
 f - a +0 troll leather armour (worn)
 r - a +0 shield
 y - the +4 crystal plate armour "Wek Eclimme" {+Blink rC+ SInv}
   (You found it in the Dungeon)

   It protects you from cold.
   It lets you see invisible.
   It lets you blink.
 F - a +0 pair of boots (worn)
 G - a +0 pair of gloves (worn)
 I - a +2 cloak of magic resistance (worn)
 K - a +2 helmet of intelligence (worn)
 M - the +2 leather armour of Limitation {Dex+5}
   (You bought it in a shop in the Dungeon)

   It affects your dexterity (+5).
 U - +0 swamp dragon scales
 V - a +1 large shield
Magical Staves
 o - an uncursed staff of energy
Jewellery
 u - a +2 ring of protection
 N - an uncursed ring of protection from cold
 O - an uncursed ring of protection from fire
 P - a ring of protection from magic (left hand)
 Q - a ring of see invisible (right hand)
Wands
 n - a wand of lightning (7/15)
Scrolls
 i - 2 scrolls of blinking
 l - 7 scrolls of remove curse
 m - 2 scrolls of amnesia
 x - 5 scrolls of identify
 z - 4 scrolls of enchant weapon
 L - a scroll of recharging
 X - a scroll of fog
Potions
 d - 10 potions of curing
 e - 9 potions of heal wounds
 g - 4 potions of magic
 k - 2 potions of invisibility
 C - a potion of resistance
Books
 a - Sif Muna's Handbook of Aerial Attacks
   (Sif Muna gifted it to you in the Dungeon)

   Spells                             Type                      Level
   a - Throw Frost                    Conjuration/Ice              2
   b - Throw Flame                    Conjuration/Fire             2
   c - Static Discharge               Conjuration/Air              3
   d - Throw Icicle                   Conjuration/Ice              4
   e - Irradiate                      Conjuration/Transmutation    5
 b - a book of Air

   Spells                             Type                      Level
   a - Shock                          Conjuration/Air              1
   b - Swiftness                      Charms/Air                   2
   c - Repel Missiles                 Charms/Air                   2
   d - Static Discharge               Conjuration/Air              3
   e - Lightning Bolt                 Conjuration/Air              5
 h - a book of Callings

   Spells                             Type                      Level
   a - Summon Small Mammal            Summoning                    1
   b - Call Imp                       Summoning                    2
   c - Call Canine Familiar           Summoning                    3
   d - Summon Guardian Golem          Hexes/Summoning              3
   e - Summon Lightning Spire         Summoning/Air                4
   f - Summon Ice Beast               Ice/Summoning                4
 j - Sif Muna's Handbook of Floating Conjuration
   (Sif Muna gifted it to you in the Dungeon)

   Spells                             Type                      Level
   a - Throw Flame                    Conjuration/Fire             2
   b - Mephitic Cloud                 Conjuration/Poison/Air       3
   c - Airstrike                      Air                          4
   d - Conjure Ball Lightning         Conjuration/Air              6
 p - Sif Muna's Reference Book on Floating Heat
   (Sif Muna gifted it to you in the Dungeon)

   Spells                             Type                      Level
   a - Conjure Flame                  Conjuration/Fire             3
   b - Bolt of Magma                  Conjuration/Fire/Earth       5
   c - Silence                        Hexes/Air                    5
   d - Poisonous Cloud                Conjuration/Poison/Air       6
   e - Conjure Ball Lightning         Conjuration/Air              6
   f - Delayed Fireball               Conjuration/Fire             7
 q - a book of Maledictions

   Spells                             Type                      Level
   a - Corona                         Hexes                        1
   b - Ensorcelled Hibernation        Hexes/Ice                    2
   c - Confuse                        Hexes                        3
   d - Tukima's Dance                 Hexes                        3
   e - Dazzling Spray                 Conjuration/Hexes            3
 t - Sif Muna's Incunabulum of the Excruciating Snowflakes
   (Sif Muna gifted it to you in the Dungeon)

   Spells                             Type                      Level
   a - Freeze                         Ice                          1
   b - Iron Shot                      Conjuration/Earth            6
   c - Freezing Cloud                 Conjuration/Ice/Air          6
   d - Orb of Destruction             Conjuration                  7
 v - Sif Muna's Incunabulum of Glacial Air
   (Sif Muna gifted it to you in the Dungeon)

   Spells                             Type                      Level
   a - Throw Icicle                   Conjuration/Ice              4
   b - Ozocubu's Refrigeration        Ice                          6
   c - Chain Lightning                Conjuration/Air              8
   d - Tornado                        Air                          9
 A - a book of Geomancy

   Spells                             Type                      Level
   a - Sandblast                      Earth                        1
   b - Passwall                       Transmutation/Earth          2
   c - Stone Arrow                    Conjuration/Earth            3
   d - Petrify                        Transmutation/Earth          4
   e - Lee's Rapid Deconstruction     Earth                        5
 B - a book of Ice

   Spells                             Type                      Level
   a - Ice Form                       Ice/Transmutation            4
   b - Metabolic Englaciation         Hexes/Ice                    5
   c - Ozocubu's Refrigeration        Ice                          6
   d - Bolt of Cold                   Conjuration/Ice              6
   e - Freezing Cloud                 Conjuration/Ice/Air          6
   f - Simulacrum                     Ice/Necromancy               6
 H - Cyp Wim's Incunabulum of Helpful Confrontation
   (Sif Muna gifted it to you in the Dungeon)

   Spells                             Type                      Level
   a - Static Discharge               Conjuration/Air              3
   b - Fulminant Prism                Conjuration/Hexes            4
   c - Force Lance                    Conjuration/Translocation    4
   d - Excruciating Wounds            Charms/Necromancy            5
   e - Death's Door                   Charms/Necromancy            8
 J - a book of Flames

   Spells                             Type                      Level
   a - Flame Tongue                   Conjuration/Fire             1
   b - Throw Flame                    Conjuration/Fire             2
   c - Conjure Flame                  Conjuration/Fire             3
   d - Inner Flame                    Hexes/Fire                   3
   e - Sticky Flame                   Conjuration/Fire             4
   f - Fireball                       Conjuration/Fire             5
 S - Astriddapi's Guide on Creative Shape Shifting
   (Sif Muna gifted it to you in the Dungeon)

   Spells                             Type                      Level
   a - Spider Form                    Transmutation/Poison         3
   b - Summon Ice Beast               Ice/Summoning                4
   c - Spellforged Servitor           Conjuration/Summoning        7
   d - Haunt                          Necromancy/Summoning         7
 Y - Sif Muna's Catalogue of Confrontation
   (Sif Muna gifted it to you in the Dungeon)

   Spells                             Type                      Level
   a - Sting                          Conjuration/Poison           1
   b - Iskenderun's Mystic Blast      Conjuration                  4
   c - Bolt of Fire                   Conjuration/Fire             6
   d - Chain Lightning                Conjuration/Air              8
 Z - Sif Muna's Tome of Arcane Weapons
   (Sif Muna gifted it to you in the Dungeon)

   Spells                             Type                      Level
   a - Throw Flame                    Conjuration/Fire             2
   b - Searing Ray                    Conjuration                  2
   c - Dazzling Spray                 Conjuration/Hexes            3
   d - Glaciate                       Conjuration/Ice              9
Comestibles
 c - 14 bread rations
 s - 10 chunks of flesh
 D - 39 fruits
 E - 13 meat rations


   Skills:
 + Level 14.3 Fighting
 + Level 13.2 Armour
 + Level 17.2 Dodging
 - Level 2.1 Stealth
 + Level 17.1 Spellcasting
 + Level 17.0 Conjurations
 + Level 12.6 Charms
 - Level 13.0 Ice Magic
 - Level 11.1 Air Magic
 * Level 20.7 Invocations


You had 12 spell levels left.
You knew the following spells:

 Your Spells              Type           Power        Failure   Level  Hunger
a - Shock                 Conj/Air       ####         0%          1    None
b - Repel Missiles        Chrm/Air       ######       1%          2    None
c - Swiftness             Chrm/Air       #######.     1%          2    None
d - Lightning Bolt        Conj/Air       #######...   1%          5    None
e - Throw Icicle          Conj/Ice       #######.     1%          4    None
f - Stone Arrow           Conj/Erth      ######       1%          3    None
g - Bolt of Cold          Conj/Ice       #######...   1%          6    ##.....
h - Freezing Cloud        Conj/Ice/Air   #######...   1%          6    ##.....
i - Iron Shot             Conj/Erth      ######....   14%         6    ##.....


Dungeon Overview and Level Annotations

Branches:
Dungeon (1/1)

Altars:
Cheibriados
Dithmenos
Elyvilon
Fedhas
Gozag
Hepliaklqana
Kikubaaqudgha
Makhleb
Nemelex Xobeh
Okawaru
Qazlal
Ru
Sif Muna
Trog
Uskayaw
Vehumet
Xom
Yredelemnul
Zin
The Shining One
Beogh
Jiyva
Lugonu

Shops:
D [!*[

Annotations:
D Boris


Message History

Sif Muna protects you from the effects of your miscast!
You feel less invigorated. Boris hits you but does no damage.
Boris touches you!
Casting: Iron Shot
Confirm with . or Enter, or press ? or * to list all spells.
Aiming: Iron Shot
Press: ? - help, Shift-Dir - straight line, f/p - Boris
Aim: Boris, wearing a runed robe (severely damaged, slightly transparent)
The iron shot hits Boris.
Boris is almost destroyed.
Boris hits you but does no damage. Boris touches you.
Casting: Iron Shot
Confirm with . or Enter, or press ? or * to list all spells.
You don't have enough magic to cast that spell.
Unknown command.
You are feeling very hungry.
Boris points at you and mumbles some strange words.
The iron shot hits you!
Ouch! That really hurt!
You die...

........)..............))[..).)..
▓▓▓▓▓▓▓▓▓▓▓▓▓♣♣♣♣♣♣♣♣♣♣▓▓▓▓▓▓▓▓▓▓
..'...†....%†......%††)...†...†.'
▓▓▓▓▓▓▓▓▓▓▓▓▓♣♣♣♣♣♣♣♣♣♣▓▓▓▓▓▓▓▓▓▓
.........).......................
▓▓▓▓▓▓▓▓▓▓▓▓▓▓▓▓▓▓▓▓▓▓▓▓▓▓▓▓▓▓▓▓▓
..............))))))(!((...).....
▓▓▓▓▓▓▓▓▓▓▓▓▓▓▓▓▓▓▓▓▓▓▓▓▓▓▓▓▓▓▓▓▓
...........†....@L.........
▓▓▓▓▓▓▓▓▓▓▓▓▓▓▓▓▓▓▓▓▓▓▓▓▓▓▓


You could see Boris (invisible).

Vanquished Creatures
  Saint Roka (D)
  Frances (D)
  Agnes (D)
  Gastronok (D)
  A thorn hunter (D)
  A nagaraja (D)
  Donald (D)
  A frost giant (D)
  3 fire giants (D)
  A vault warden (D)
  2 ironheart preservers (D)
  2 very ugly things (D)
  4 stone giants (D)
  An entropy weaver (D)
  2 ettins (D)
  2 fire dragons (D)
  2 yaktaur captains (D)
  A great orb of eyes (D)
  2 ice dragons (D)
  Erolcha (D)
  5 hydras (D)
  A naga warrior (D)
  A merfolk avatar (D)
  2 centaur warriors (D)
  2 ogre magi (D)
  An alligator (D)
  3 deep troll earth magi (D)
  A deep troll shaman (D)
  A tengu warrior (D)
  2 naga sharpshooters (D)
  An orc high priest (D)
  Nergalle (D)
  A spriggan druid (D)
  A swamp dragon (D)
  A sea snake (D)
  A hill giant (D)
  3 ironbrand convokers (D)
  A harpy (D)
  An orc knight (D)
  An orb spider (D)
  A mana viper (D)
  3 wolf spiders (D)
  2 ugly things (D)
  6 orc sorcerers (D)
  2 manticores (D)
  4 black mambas (D)
  A vault sentinel (D)
  A water nymph (D)
  3 spiny frogs (D)
  2 komodo dragons (D)
  3 freezing wraiths (D)
  2 demonic crawlers (D)
  2 yaktaurs (D)
  3 polar bears (D)
  A troll (D)
  A wind drake (D)
  A jumping spider (D)
  A hornet (D)
  2 two-headed ogres (D)
  A bog body (D)
  A blink frog (shapeshifter) (D)
  A snapping turtle (D)
  4 hippogriffs (D)
  2 redbacks (D)
  A shadow (D)
  A basilisk (D)
  A warg (D)
  A soldier ant (shapeshifter) (D)
  2 water moccasins (D)
  2 swamp drakes (D)
  2 porcupines (D)
  17 orc warriors (D)
  An ice beast (D)
  An ice beast (shapeshifter) (D)
  5 black bears (D)
  2 boggarts (D)
  A wolf (D)
  3 crocodiles (D)
  A bullfrog (D)
  2 jellies (D)
  5 orc priests (D)
  10 orc wizards (D)
  An adder skeleton (D)
  2 adder zombies (D)
  7 orcs (D)
  A bat zombie (D)
  2 giant cockroaches (D)
  A goblin (D)
  A hobgoblin (D)
  A ball python zombie (D)
  A frilled lizard (D)
  A kobold (D)
  A quokka zombie (D)
  A briar patch (D)
190 creatures vanquished.

Vanquished Creatures (others)
  An unseen horror (D)
1 creature vanquished.

Grand Total: 191 creatures vanquished

Notes
Turn   | Place    | Note
-------+----------+-------------------------------------------
     0 | D        | igo the High Elf Air Elementalist began the quest for the Orb.
     0 | D        | Reached XP level 1. HP: 11/11 MP: 4/4
    38 | D        | Noticed a jelly
    41 | D        | Reached XP level 2. HP: 15/17 MP: 2/7
    42 | D        | Reached skill level 5 in Air Magic
    50 | D        | Reached XP level 3. HP: 20/21 MP: 0/9
    55 | D        | Learned a level 2 spell: Repel Missiles
    58 | D        | Learned a level 2 spell: Swiftness
    69 | D        | Found a roughly hewn altar of Beogh.
    69 | D        | Found a snail-covered altar of Cheibriados.
    69 | D        | Found a shadowy altar of Dithmenos.
    69 | D        | Found a white marble altar of Elyvilon.
    69 | D        | Found a blossoming altar of Fedhas.
    69 | D        | Found an opulent altar of Gozag.
    70 | D        | Found a hazy altar of Hepliaklqana.
    71 | D        | Found a viscous altar of Jiyva.
    72 | D        | Found an ancient bone altar of Kikubaaqudgha.
    73 | D        | Found a corrupted altar of Lugonu.
    74 | D        | Found a burning altar of Makhleb.
    75 | D        | Found a sparkling altar of Nemelex Xobeh.
    76 | D        | Found an iron altar of Okawaru.
    77 | D        | Found a stormy altar of Qazlal.
    78 | D        | Found a sacrificial altar of Ru.
    79 | D        | Found a deep blue altar of Sif Muna.
    80 | D        | Found a bloodstained altar of Trog.
    81 | D        | Found a hide-covered altar of Uskayaw.
    82 | D        | Found a radiant altar of Vehumet.
    83 | D        | Found a shimmering altar of Xom.
    84 | D        | Found a basalt altar of Yredelemnul.
    85 | D        | Found a glowing silver altar of Zin.
    86 | D        | Found a glowing golden altar of the Shining One.
   104 | D        | Became a worshipper of Sif Muna the Loreminder
   139 | D        | Noticed an ice beast
   139 | D        | Noticed a troll
   139 | D        | Noticed a two-headed ogre
   166 | D        | Killed a two-headed ogre
   166 | D        | Reached * piety under Sif Muna
   166 | D        | Reached ** piety under Sif Muna
   166 | D        | Reached XP level 4. HP: 27/27 MP: 1/13
   166 | D        | Reached XP level 5. HP: 31/31 MP: 1/15
   174 | D        | Killed a troll
   174 | D        | Reached *** piety under Sif Muna
   174 | D        | Reached XP level 6. HP: 36/36 MP: 14/18
   174 | D        | Killed an ice beast
   174 | D        | Reached skill level 10 in Air Magic
   174 | D        | Reached XP level 7. HP: 41/41 MP: 15/20
   198 | D        | Learned a level 5 spell: Lightning Bolt
   233 | D        | Noticed a hill giant
   233 | D        | Noticed a blink frog
   233 | D        | Noticed a shadow
   238 | D        | Reached **** piety under Sif Muna
   238 | D        | Killed a shadow
   238 | D        | Reached skill level 1 in Fighting
   238 | D        | Reached skill level 1 in Armour
   238 | D        | Reached skill level 3 in Invocations
   238 | D        | Killed a blink frog
   238 | D        | Reached skill level 4 in Invocations
   242 | D        | Killed a hill giant
   242 | D        | Reached skill level 5 in Invocations
   242 | D        | Reached XP level 8. HP: 53/53 MP: 2/22
   244 | D        | Reached ***** piety under Sif Muna
   244 | D        | Identified Sif Muna's Incunabulum of Glacial Air (Sif Muna gifted it to you in the Dungeon)
   244 | D        | Received a gift from Sif Muna
   244 | D        | Reached skill level 6 in Invocations
   251 | D        | Learned a level 4 spell: Throw Icicle
   353 | D        | Got the +4 crystal plate armour "Wek Eclimme" {+Blink rC+ SInv}
   366 | D        | Noticed a hippogriff
   366 | D        | Noticed a komodo dragon
   367 | D        | Reached skill level 1 in Ice Magic
   368 | D        | Killed a komodo dragon
   368 | D        | Reached skill level 10 in Dodging
   368 | D        | Reached skill level 10 in Spellcasting
   368 | D        | Reached skill level 7 in Invocations
   368 | D        | Reached XP level 9. HP: 59/59 MP: 12/24
   369 | D        | Noticed a five-headed hydra
   383 | D        | Killed a five-headed hydra
   383 | D        | Reached skill level 5 in Fighting
   383 | D        | Reached skill level 10 in Conjurations
   383 | D        | Reached skill level 5 in Ice Magic
   383 | D        | Reached skill level 8 in Invocations
   387 | D        | Noticed a spiny frog
   390 | D        | Killed a spiny frog
   390 | D        | Reached skill level 5 in Armour
   390 | D        | Reached skill level 9 in Invocations
   392 | D        | Received a gift from Sif Muna
   401 | D        | Learned a level 3 spell: Stone Arrow
   418 | D        | Noticed a komodo dragon
   418 | D        | Noticed a spiny frog
   420 | D        | Reached XP level 10. HP: 68/68 MP: 14/25
   424 | D        | Killed a spiny frog
   424 | D        | Reached skill level 10 in Invocations
   472 | D        | Received a gift from Sif Muna
   485 | D        | Learned a level 6 spell: Bolt of Cold
   533 | D        | Noticed Gastronok
   538 | D        | Killed Gastronok
   538 | D        | Reached skill level 11 in Invocations
   578 | D        | Noticed Erolcha
   584 | D        | Killed Erolcha
   584 | D        | Reached XP level 11. HP: 75/75 MP: 16/27
   687 | D        | Identified Sif Muna's Handbook of Floating Conjuration (Sif Muna gifted it to you in the Dungeon)
   687 | D        | Received a gift from Sif Muna
   687 | D        | Reached skill level 12 in Invocations
   688 | D        | Noticed an orc knight
   696 | D        | Killed an orc knight
   699 | D        | Reached skill level 10 in Ice Magic
   701 | D        | Noticed an orc high priest
   708 | D        | Killed an orc high priest
   735 | D        | Found Itzar's Armour Boutique.
   735 | D        | Noticed an orc sorcerer
   735 | D        | Noticed an orc sorcerer
   735 | D        | Noticed an orc sorcerer
   737 | D        | Killed an orc sorcerer
   737 | D        | Received a gift from Sif Muna
   738 | D        | Killed an orc sorcerer
   740 | D        | Noticed a soul eater
   740 | D        | Noticed an orc sorcerer
   740 | D        | Killed an orc sorcerer
   745 | D        | Killed an orc sorcerer
   746 | D        | Noticed an orc sorcerer
   748 | D        | Killed an orc sorcerer
   748 | D        | Reached skill level 13 in Invocations
   759 | D        | Found Ykked's General Store.
   760 | D        | Noticed an orc sorcerer
   762 | D        | Killed an orc sorcerer
   774 | D        | Found Vophojy's Distillery.
   779 | D        | Found Xiqeposi's Armour Shop.
   789 | D        | Bought a +1 helmet of intelligence for 198 gold pieces
   791 | D        | Bought a potion of magic for 80 gold pieces
   791 | D        | Bought a potion of curing for 30 gold pieces
   791 | D        | Bought a potion of invisibility for 80 gold pieces
   791 | D        | Bought 2 potions of heal wounds for 100 gold pieces
   791 | D        | Bought a potion of curing for 30 gold pieces
   791 | D        | Bought a potion of heal wounds for 50 gold pieces
   793 | D        | Bought a scroll of recharging for 123 gold pieces
   793 | D        | Bought a meat ration for 65 gold pieces
   793 | D        | Bought a potion of heal wounds for 65 gold pieces
   795 | D        | Bought the +2 leather armour of Limitation {Dex+5} for 413 gold pieces
   930 | D        | Got the +2 rapier "Yroiczas" {holy, SInv}
  1013 | D        | Noticed a brown ugly thing
  1013 | D        | Noticed a six-headed hydra
  1013 | D        | Noticed a centaur warrior
  1015 | D        | Noticed a tengu warrior
  1015 | D        | Killed a centaur warrior
  1015 | D        | Identified Sif Muna's Tome of Arcane Weapons (Sif Muna gifted it to you in the Dungeon)
  1015 | D        | Received a gift from Sif Muna
  1017 | D        | Noticed a stone giant
  1018 | D        | Killed a six-headed hydra
  1020 | D        | Killed a brown ugly thing
  1021 | D        | Noticed a stone giant
  1023 | D        | Killed a stone giant
  1023 | D        | Reached XP level 12. HP: 53/85 MP: 1/30
  1029 | D        | Killed a stone giant
  1029 | D        | Reached skill level 14 in Invocations
  1031 | D        | Noticed a deep troll earth mage
  1033 | D        | Killed a deep troll earth mage
  1036 | D        | Noticed an ice dragon
  1036 | D        | Killed a tengu warrior
  1040 | D        | Noticed a fire dragon
  1040 | D        | Killed an ice dragon
  1048 | D        | Killed a fire dragon
  1048 | D        | Identified Sif Muna's Catalogue of Confrontation (Sif Muna gifted it to you in the Dungeon)
  1048 | D        | Received a gift from Sif Muna
  1048 | D        | Reached skill level 10 in Fighting
  1057 | D        | Learned a level 6 spell: Freezing Cloud
  1121 | D        | Noticed Frances
  1128 | D        | Killed Frances
  1128 | D        | Reached skill level 15 in Invocations
  1159 | D        | Noticed Nergalle
  1161 | D        | Killed Nergalle
  1167 | D        | Noticed Saint Roka
  1173 | D        | Reached skill level 1 in Charms
  1175 | D        | Noticed Donald
  1175 | D        | Killed Saint Roka
  1183 | D        | Killed Donald
  1183 | D        | Identified Sif Muna's Reference Book on Floating Heat (Sif Muna gifted it to you in the Dungeon)
  1183 | D        | Received a gift from Sif Muna
  1183 | D        | Reached skill level 10 in Armour
  1183 | D        | Reached skill level 16 in Invocations
  1183 | D        | Reached XP level 13. HP: 64/94 MP: 15/32
  1297 | D        | Noticed a nagaraja
  1300 | D        | Reached skill level 5 in Charms
  1303 | D        | Killed a nagaraja
  1370 | D        | Identified Sif Muna's Handbook of Aerial Attacks (Sif Muna gifted it to you in the Dungeon)
  1370 | D        | Received a gift from Sif Muna
  1373 | D        | Reached skill level 17 in Invocations
  1401 | D        | Reached skill level 15 in Dodging
  1402 | D        | Reached skill level 15 in Spellcasting
  1404 | D        | Noticed a thorn hunter
  1407 | D        | Identified Sif Muna's Incunabulum of the Excruciating Snowflakes (Sif Muna gifted it to you in the Dungeon)
  1407 | D        | Received a gift from Sif Muna
  1408 | D        | Reached skill level 15 in Conjurations
  1410 | D        | Killed a thorn hunter
  1419 | D        | Learned a level 6 spell: Iron Shot
  1434 | D        | Reached skill level 18 in Invocations
  1485 | D        | Noticed Agnes
  1490 | D        | Killed Agnes
  1490 | D        | Identified Cyp Wim's Incunabulum of Helpful Confrontation (Sif Muna gifted it to you in the Dungeon)
  1490 | D        | Received a gift from Sif Muna
  1564 | D        | Noticed a red very ugly thing
  1564 | D        | Reached ****** piety under Sif Muna
  1564 | D        | Reached XP level 14. HP: 104/104 MP: 10/34
  1567 | D        | Noticed a frost giant
  1569 | D        | Killed a red very ugly thing
  1570 | D        | Reached skill level 10 in Charms
  1570 | D        | Killed a frost giant
  1571 | D        | Noticed a stone giant
  1571 | D        | Reached skill level 19 in Invocations
  1577 | D        | Noticed a stone giant
  1579 | D        | Killed a stone giant
  1579 | D        | Identified Astriddapi's Guide on Creative Shape Shifting (Sif Muna gifted it to you in the Dungeon)
  1579 | D        | Received a gift from Sif Muna
  1582 | D        | Noticed a fire giant
  1584 | D        | Killed a stone giant
  1587 | D        | Noticed a brown very ugly thing
  1588 | D        | Noticed a fire giant
  1588 | D        | Killed a fire giant
  1591 | D        | Killed a fire giant
  1593 | D        | Noticed a fire giant
  1596 | D        | Killed a brown very ugly thing
  1598 | D        | Killed a fire giant
  1632 | D        | Noticed an ironheart preserver
  1632 | D        | Received a gift from Sif Muna
  1634 | D        | Killed an ironheart preserver
  1635 | D        | Reached skill level 20 in Invocations
  1659 | D        | Received a gift from Sif Muna
  1663 | D        | Noticed a vault warden
  1668 | D        | Killed a vault warden
  1674 | D        | Noticed an ironheart preserver
  1680 | D        | Killed an ironheart preserver
  1700 | D        | Noticed an entropy weaver
  1706 | D        | Killed an entropy weaver
  1762 | D        | Noticed Boris
  1787 | D        | Killed from afar by Boris

Skill      XL: |  1  2  3  4  5  6  7  8  9 10 11 12 13 14 |
---------------+-------------------------------------------+-----
Air Magic      | 4 5 8 9 10 11 | 11.1
Dodging        | 3 4 6 8 9 10 11 13 14 15 17 | 17.2
Spellcasting   | 3 4 6 8 9 10 11 13 14 15 17 | 17.1
Conjurations   | 3 6 7 8 9 10 11 12 14 15 17 | 17.0
Fighting       | 3 4 6 7 9 10 12 14 | 14.3
Armour         | 3 4 5 7 8 10 11 13 | 13.2
Invocations    | 5 7 9 11 13 16 18 20 | 20.7
Ice Magic      | 3 6 9 11 13 | 13.0
Charms         | 4 9 12 | 12.6
Stealth        | |  2.1

Action                   |  1- 3 |  4- 6 |  7- 9 | 10-12 | 13-15 || total
-------------------------+-------+-------+-------+-------+-------++-------
 Cast: Shock             |    14 |     4 |     7 |       |       ||    25
       Lightning Bolt    |       |       |    19 |   102 |   123 ||   244
       Bolt of Cold      |       |       |       |     4 |     3 ||     7
       Repel Missiles    |       |       |       |     1 |       ||     1
       Freezing Cloud    |       |       |       |     2 |       ||     2
       Iron Shot         |       |       |       |       |     3 ||     3
Invok: Channel Magic     |       |       |     3 |    20 |    18 ||    41
  Use: Potion            |     1 |     1 |       |     3 |     1 ||     6
       Scroll            |       |       |       |     2 |       ||     2
  Eat: Chunk             |       |       |     2 |    16 |     8 ||    26
       Fruit             |       |       |       |     1 |       ||     1
Armor: Robe              |     1 |       |       |       |       ||     1
       Troll leather arm |       |       |     4 |     3 |    18 ||    25
Dodge: Dodged            |     2 |       |     9 |    18 |    69 ||    98
       Deflected         |       |       |       |     4 |     9 ||    13
       Rpst.: Great sword |       |       |       |       |    10 ||    10
